 Dungeon Crawl Stone Soup version 0.24.0-123-gd5b16e6ec5 (webtiles) character file.

Game seed: 16560031350641260070, levelgen mode: deterministic

10409 leetStiK the Protected (level 11, -2/133 HPs)
             Began as a Barachi Berserker on Jan 12, 2020.
             Was an Elder of Trog.
             Slain by a spectral komodo dragon (9 damage)
             ... in a Gauntlet.
             The game lasted 01:56:06 (13479 turns).

leetStiK the Protected (Barachi Berserker)         Turns: 13479, Time: 01:56:07

Health: -2/133     AC: 24    Str: 25    XL:     11   Next: 61%
Magic:  11/11      EV: 10    Int:  8    God:    Trog [****..]
Gold:   872        SH: 12    Dex: 11    Spells: 10/10 levels left

rFire    + . .     SeeInvis .   F - +1 long sword
rCold    + . .     Gourm    .   C - +0 shield
rNeg     + + .     Faith    .   u - +3 plate armour of Terror {rF+ rC+ MR+ Str-2}
rPois    .         Spirit   .   e - +0 helmet
rElec    .         Reflect  .   M - scarf {repulsion}
rCorr    .         Harm     .   s - +2 pair of gloves
MR       +....     NoTele   +   y - +0 pair of boots
Stlth    ..........             (no amulet)
HPRegen  0.32/turn              w - ring of positive energy
MPRegen  0.12/turn              v - ring of positive energy

@: berserking (expiring), slowed, lightly drained, repel missiles, slow
A: +LOS, swims, slowness 1, strong legs 1
a: Hop, Berserk, Trog's Hand, Brothers in Arms, Renounce Religion


You were in a Gauntlet.
You worshipped Trog.
Trog was greatly pleased with you.
You were not hungry.

You visited 3 branches of the dungeon, and saw 14 of its levels.
You also visited: Ossuary and Gauntlet.

You collected 872 gold pieces.

Inventory:

Hand Weapons
 F - a +1 long sword (weapon)
 J - a +5 halberd of freezing
 K - a +4 antimagic battleaxe
 O - a +0 war axe of chopping
Missiles
 x - 5 javelins (quivered)
Armour
 e - a +0 helmet (worn)
 h - a +0 plate armour
 s - a +2 pair of gloves (worn)
 u - the +3 plate armour of Terror (worn) {rF+ rC+ MR+ Str-2}
   (You found it on level 9 of the Dungeon)

   It affects your strength (-2).
   It protects you from fire.
   It protects you from cold.
   It affects your resistance to hostile enchantments.
 y - a +0 pair of boots (worn)
 C - a +0 shield (worn)
 M - a scarf of repulsion (worn)
Jewellery
 m - an uncursed ring of wizardry
 v - a ring of positive energy (right hand)
 w - a ring of positive energy (left hand)
Scrolls
 g - 5 scrolls of enchant weapon
 i - 2 scrolls of immolation
 j - 4 scrolls of teleportation
 n - 3 scrolls of magic mapping
 o - 7 scrolls of remove curse
 r - 2 scrolls of blinking {unknown}
 A - 5 scrolls of fear
 D - 3 scrolls of amnesia {unknown}
 G - a scroll of identify
 I - a scroll of vulnerability {unknown}
 L - a scroll of torment {unknown}
Potions
 a - 2 potions of magic
 b - 6 potions of heal wounds
 d - 3 potions of agility
 f - 2 potions of curing
 k - 3 potions of mutation
 l - 2 potions of flight
 p - a potion of cancellation
 q - 4 potions of haste
 t - a potion of ambrosia
 z - a potion of brilliance
 B - 2 potions of berserk rage
 E - a potion of degeneration {unknown}
 H - 2 potions of invisibility
 N - a potion of might {unknown}
 P - a potion of lignification {unknown}
Comestibles
 c - 9 rations


   Skills:
 + Level 9.2(9.0) Fighting
 + Level 9.0(8.9) Long Blades
 * Level 11.8(11.6) Armour
 + Level 8.7(8.5) Dodging
 * Level 9.4(9.2) Shields


You had 10 spell levels left.
You didn't know any spells.
Your spell library contained the following spells:

 Spells                   Type           Power        Failure   Level  Hunger
 Animate Skeleton         Necr           N/A          100%        1    ##.....
 Apportation              Tloc           #.....       100%        1    ##.....
 Beastly Appendage        Tmut           #.....       100%        1    ##.....
 Confusing Touch          Hex            #.....       100%        1    ##.....
 Flame Tongue             Conj/Fire      #....        100%        1    ##.....
 Infusion                 Chrm           #...         100%        1    ##.....
 Summon Small Mammal      Summ           #...         100%        1    ##.....
 Shroud of Golubria       Chrm/Tloc      #.....       100%        2    ###....
 Song of Slaying          Chrm           #.......     100%        2    ###....
 Sticks to Snakes         Tmut           #.......     100%        2    ###....
 Throw Flame              Conj/Fire      #.....       100%        2    ###....
 Conjure Flame            Conj/Fire      #.......     100%        3    ####...
 Inner Flame              Hex/Fire       #.......     100%        3    ####...
 Regeneration             Chrm/Necr      #.........   100%        3    ####...
 Spectral Weapon          Hex/Chrm       #.......     100%        3    ####...
 Spider Form              Tmut/Pois      #.........   100%        3    ####...
 Ice Form                 Ice/Tmut       #.......     100%        4    #####..
 Sticky Flame             Conj/Fire      #.......     100%        4    #####..
 Blade Hands              Tmut           #.........   100%        5    ######.
 Fireball                 Conj/Fire      #.........   100%        5    ######.


Dungeon Overview and Level Annotations

Branches:
Dungeon (12/15)            Temple (0/1) D:7            Lair (1/6) D:9
    Orc (1/2) D:10        Ossuary (visited)         Gauntlet (1/1)

Altars:
Ashenzari
Gozag
Sif Muna
Vehumet
Wu Jian
Yredelemnul
Zin

Annotations:
Gauntlet 13 transporters, exclusion: obsidian statue


Innate Abilities, Weirdness & Mutations

Shadows flee at your approach. (+LOS)
You can swim through water.
You cover ground slowly.
You can hop short distances.


Message History

The spectral black mamba bites you but does no damage.
The spectral black mamba barely misses you.
You block the spectral komodo dragon's attack.
You slash the death scarab!
The death scarab is heavily damaged.
The death scarab bites you but does no damage.
You block the spectral black mamba's attack.
The death scarab closely misses you.
You riposte.
Your plate armour of Terror prevents you from hitting the death scarab.
The death scarab is heavily damaged.
The spectral komodo dragon bites you but does no damage.
The spectral black mamba misses you.
You riposte.
You hit the spectral black mamba.
The spectral black mamba is lightly damaged.
You barely miss the death scarab.
The death scarab is heavily damaged.
You block the death scarab's attack.
The spectral black mamba bites you but does no damage.
The spectral komodo dragon bites you!
You die...

###########.#........#8#
§.........#.#........#####
....#######.#######.....≈###
....#©...........©#......#8#
#######################..###
#...zzzzzz#.#.........#..#
#.z..zzzzz#.#..##.##..#..###
#.#######z#.#.#ZZ#..#.#..#8#
##.#.#.#z##.#.#.@#..#.#..###
#zz..©..zz#.#.s#####..#..#
#z#.#.#.#z#.#.#..#..#.#..###
#.#######.#.#.#..#..#.#..#8#
#zzz......#.#..##.##..#..###
#zz?[©.?..#.#...)©?[..#..#
#######################..###
§...#©...........©#......#8#
§...#######.#######.....≈###


You could see a spectral komodo dragon, a spectral black mamba, a death scarab
and 8 flying skulls.

Vanquished Creatures
  Harold (D:9)
  A two-headed ogre (D:8)
  Joseph (D:10)
  4 centaur skeletons (D:10)
  A troll (D:9)
  Grinder (D:3)
  A blink frog (Lair:1)
  3 hornets
  A hippogriff (D:10)
  13 yaks (D:9)
  Grum (D:11)
  2 hungry ghosts (D:9)
  A basilisk (Lair:1)
  2 steam dragons (D:7)
  A water moccasin (D:9)
  5 orc warriors
  A sky beast (D:6)
  2 ice beasts
  2 necrophages
  2 wolves (D:11)
  2 ogres (D:9)
  2 phantoms
  A centaur (D:10)
  2 bullfrogs (D:6)
  A big kobold (D:7)
  4 elf zombies
  Blork the orc (D:7)
  4 elf skeletons (D:5)
  2 scorpions (D:4)
  6 killer bees
  5 wights (D:9)
  8 crimson imps
  2 howler monkeys
  A bullfrog zombie (D:5)
  3 hounds (D:6)
  A jelly (D:2)
  5 orc priests
  7 orc wizards
  2 bullfrog skeletons
  3 iguanas
  Jessica (D:3)
  A hound zombie (D:8)
  2 hound skeletons (D:4)
  2 mummies (Ossuary)
  A worker ant zombie (D:6)
  12 gnolls
  A howler monkey skeleton (D:7)
  11 adders
  5 shadow imps
  2 oozes (D:3)
  6 adder zombies
  2 adder skeletons
  3 worms
  5 dart slugs
  8 leopard geckos
  31 orcs
  2 ball pythons (D:3)
  8 giant cockroaches
  2 gnoll zombies (Ossuary)
  6 goblins
  11 hobgoblins
  19 jackals
  A quokka (D:3)
  15 bats
  6 frilled lizards
  18 kobolds
  2 kobold zombies (Ossuary)
  4 leopard gecko skeletons
  A leopard gecko zombie (D:7)
  2 orc skeletons (D:5)
  2 orc zombies (D:5)
  A quokka skeleton (D:8)
  2 quokka zombies (Ossuary)
  7 rats
  3 rat zombies (Ossuary)
313 creatures vanquished.

Vanquished Creatures (collateral kills)
  A mummy (Ossuary)
  An adder zombie (Ossuary)
  A hobgoblin zombie (Ossuary)
  A rat zombie (Ossuary)
4 creatures vanquished.

Vanquished Creatures (others)
  An adder (D:3)
  3 fungi (Gauntlet)
  6 plants
10 creatures vanquished.

Grand Total: 327 creatures vanquished

Notes
Turn   | Place    | Note
-------+----------+-------------------------------------------
     0 | D:1      | leetStiK the Barachi Berserker began the quest for the Orb.
     0 | D:1      | Reached XP level 1. HP: 18/18 MP: 1/1
   178 | D:1      | Reached XP level 2. HP: 23/25 MP: 2/2
   357 | D:1      | Reached skill level 3 in Armour
   376 | D:1      | Reached XP level 3. HP: 24/30 MP: 3/3
   537 | D:1      | Reached ** piety under Trog
  1139 | D:2      | Reached XP level 4. HP: 37/37 MP: 4/4
  1648 | D:2      | Reached skill level 4 in Armour
  1648 | D:2      | Reached XP level 5. HP: 43/43 MP: 5/5
  2339 | D:3      | Found a radiant altar of Vehumet.
  2672 | D:3      | Reached XP level 6. HP: 43/49 MP: 6/6
  2689 | D:3      | Reached *** piety under Trog
  2857 | D:3      | Noticed Jessica
  2879 | D:3      | Killed Jessica
  2947 | D:3      | Noticed Grinder
  2951 | D:3      | Paralysed by Grinder for 4 turns
  2981 | D:3      | Paralysed by Grinder for 4 turns
  2985 | D:3      | Killed Grinder
  2985 | D:3      | Reached skill level 5 in Fighting
  2985 | D:3      | Reached skill level 5 in Long Blades
  2985 | D:3      | Reached skill level 5 in Armour
  2985 | D:3      | Reached skill level 5 in Dodging
  2985 | D:3      | Reached XP level 7. HP: 30/56 MP: 7/7
  3450 | D:3      | Found a basalt altar of Yredelemnul.
  4168 | D:4      | Reached skill level 6 in Armour
  4586 | D:5      | Entered Level 5 of the Dungeon
  4614 | D:5      | Reached **** piety under Trog
  4804 | D:5      | Reached skill level 1 in Shields
  4824 | D:5      | Reached XP level 8. HP: 61/64 MP: 8/8
  4857 | D:5      | Found a sand-covered staircase.
  4932 | D:5      | Reached skill level 7 in Armour
  4940 | Ossuary  | Entered an ossuary
  5444 | D:5      | Reached ***** piety under Trog
  5739 | D:6      | Reached XP level 9. HP: 71/71 MP: 9/9
  5773 | D:6      | Reached skill level 8 in Armour
  6844 | D:6      | Received a gift from Trog
  6885 | D:6      | Reached skill level 5 in Shields
  7638 | D:7      | Noticed Blork the orc
  7655 | D:7      | Killed Blork the orc
  7656 | D:7      | Found a shimmering blue altar of Sif Muna.
  7963 | D:7      | Found a staircase to the Ecumenical Temple.
  7982 | D:7      | Reached skill level 9 in Armour
  8717 | D:7      | Found a glowing silver altar of Zin.
  8867 | D:8      | Reached XP level 10. HP: 73/79 MP: 10/10
  8973 | D:8      | Found a shattered altar of Ashenzari.
  9116 | D:8      | Noticed a two-headed ogre
  9131 | D:8      | Killed a two-headed ogre
  9741 | D:9      | Reached skill level 10 in Armour
  9986 | D:9      | Found a staircase to the Lair.
 10426 | D:9      | Reached XP level 11. HP: 68/87 MP: 11/11
 10551 | D:9      | Received a gift from Trog
 10559 | D:9      | Reached skill level 11 in Armour
 11032 | D:9      | Found an ornate altar of the Wu Jian Council.
 11044 | D:9      | Noticed Harold
 11052 | D:9      | Killed Harold
 11074 | D:9      | Got a slimy plate armour
 11085 | D:9      | Identified the +3 plate armour of Terror {rF+ rC+ MR+
                  | Str-2} (You found it on level 9 of the Dungeon)
 11110 | Lair:1   | Entered Level 1 of the Lair of Beasts
 11697 | D:10     | Entered Level 10 of the Dungeon
 11697 | D:10     | Noticed Joseph
 11724 | D:10     | Killed Joseph
 12393 | D:10     | Found a staircase to the Orcish Mines.
 12457 | Orc:1    | Entered Level 1 of the Orcish Mines
 12457 | Orc:1    | Noticed an orc sorcerer
 12721 | D:10     | You fall into a shaft and drop 2 floors!
 12727 | D:11     | Noticed Grum
 12747 | D:11     | Found an opulent altar of Gozag.
 12751 | D:11     | Killed Grum
 12863 | D:11     | Found a gate leading to a gauntlet.
 12894 | Gauntlet | Entered a Gauntlet
 12894 | Gauntlet | Found a transporter.
 12894 | Gauntlet | Found a transporter.
 12911 | Gauntlet | Found a transporter.
 12918 | Gauntlet | Found a transporter.
 12919 | Gauntlet | Found a transporter.
 12938 | Gauntlet | Found a transporter.
 12948 | Gauntlet | Noticed a death scarab
 12950 | Gauntlet | Noticed a death scarab
 12954 | Gauntlet | Found a transporter.
 12962 | Gauntlet | Found a transporter.
 13051 | Gauntlet | Found a transporter.
 13052 | Gauntlet | Noticed a shining eye
 13068 | Gauntlet | Found a transporter.
 13068 | Gauntlet | Found a transporter.
 13087 | Gauntlet | Noticed a catoblepas
 13088 | Gauntlet | Found a transporter.
 13104 | Gauntlet | Found a transporter.
 13113 | Gauntlet | Found a transporter.
 13113 | Gauntlet | Noticed an obsidian statue
 13126 | Gauntlet | Noticed a catoblepas
 13127 | Gauntlet | Found a transporter.
 13228 | Gauntlet | Noticed a blizzard demon
 13229 | Gauntlet | Found a transporter.
 13476 | Gauntlet | HP: 6/133 [spectral komodo dragon (5)]
 13479 | Gauntlet | Slain by a spectral komodo dragon

Levels and vault maps discovered:
D:1:      nzn_arrival_water_spiral, layout_basic
D:2:      layout_basic
D:3:      layout_loops_ring, marbit_many_paths, fiery_altar_vehumet,
          hangedman_abyss_or_decor_lesser_grid, chequers_big_river,
          minmay_joined_circles, uniq_jessica, uniq_grinder
D:4:      layout_cave_pods, first_ration, grunt_ministairs_13
D:5:      layout_basic, nicolae_ossuary_entry_catacombs
D:6:      layout_layer_cave, chequers_serial_rivers_micro_a
D:7:      cheibrodos_steamvent, layout_basic, tgw_sif,
          overflow_temple_1_default, minmay_temple_entry_sparse_star
D:8:      layout_rooms, kennysheep_little_box
D:9:      layout_basic, kennysheep_mini_moat, lair_entry_dummy, grunt_pizzeria,
          uniq_harold
D:10:     layout_rooms, orc_0_dummy, kennysheep_dice, uniq_joseph
D:11:     layout_stronghold, gauntlet_entry_generic, nicolae_gozag_seed_capital,
          uniq_grum
D:12:     layout_basic
Lair:1:   layout_cave_shapes, nicolae_volcano_entry_batcave, uniq_nergalle
Orc:1:    layout_caves, serial_shops, nicolae_shop_waterfront, uniq_erica
Gauntlet: gammafunk_gauntlet_branching [nicolae_gauntlet_arena_grate_2,
          gammafunk_gauntlet_arena_spirals, nicolae_gauntlet_arena_x,
          gammafunk_gauntlet_arena_corners, gammafunk_gauntlet_arena_teeth,
          nicolae_gauntlet_arena_quarters, gammafunk_gauntlet_arena_hedges,
          gammafunk_gauntlet_arena_open, gauntlet_exit_spiral]

Skill      XL: |  1  2  3  4  5  6  7  8  9 10 11 |
---------------+----------------------------------+-----
Armour         | 3 4 5 6 7 9 10 11 | 11.8
Fighting       | 4 5 6 7 8 9 |  9.2
Dodging        | 3 4 5 6 7 8 |  8.7
Long Blades    | 4 5 6 7 8 9 |  9.0
Shields        | 1 4 6 8 9 |  9.4

Action                   |  1- 3 |  4- 6 |  7- 9 | 10-12 || total
-------------------------+-------+-------+-------+-------++-------
Melee: Falchion          |   112 |   183 |       |       ||   295
       Long sword        |       |    54 |   720 |   530 ||  1304
Invok: Berserk           |       |     4 |     7 |     9 ||    20
       Brothers in Arms  |       |       |     1 |     1 ||     2
 Abil: Hop               |     2 |     1 |     1 |       ||     4
  Use: Scroll            |       |       |    14 |     4 ||    18
       Potion            |       |       |       |     1 ||     1
  Eat: Chunk             |     1 |     7 |    15 |    10 ||    33
       Ration            |       |     1 |     5 |     6 ||    12
Armor: Ring mail         |    54 |     1 |       |       ||    55
       Chain mail        |       |   127 |       |       ||   127
       Plate armour      |       |    34 |   430 |   260 ||   724
Dodge: Dodged            |    91 |   155 |   218 |   223 ||   687
       Deflected         |       |       |     1 |     2 ||     3
Block: Shield            |       |       |   186 |   345 ||   531
       Rpst.: Falchion   |    31 |    36 |       |       ||    67
       Long sword        |       |     7 |    65 |    61 ||   133
